 Dungeon Crawl Stone Soup version 0.15.0-12-gccce430 (webtiles) character file.

24 CryptoCactus the Digger (level 2, 17/22 HPs)
             Began as a Deep Dwarf Earth Elementalist on Aug 6, 2014.
             Got out of the dungeon alive.
             The game lasted 00:02:43 (995 turns).

CryptoCactus the Digger (DDEE)                       Turns: 995, Time: 00:02:43

HP  17/22        AC  2     Str 11      XL: 2   Next: 79%
MP   3/3         EV 12     Int 15      God:
Gold 38          SH  0     Dex 13      Spells:  1 memorised,  3 levels left

rFire  . . .     SeeInvis .     a - +0 dagger
rCold  . . .     Clarity  .     c - +0 robe
rNeg   . . .     rCorr    .     (no shield)
rPois  .         rRot     .     (no helmet)
rElec  .         Spirit   .     (no cloak)
SustAb .         Warding  .     (no gloves)
rMut   .         Stasis   .     (no boots)
Gourm  .                        (no amulet)
MR     .....                    (no ring)
                                (no ring)

@: non-regenerating, not resistant to hostile enchantments, unstealthy
A: damage resistance, recharge devices, sense surroundings 1, slow healing 3
a: Device Recharging


You escaped.
You were hungry.

You visited 1 branch of the dungeon, and saw 2 of its levels.

You collected 38 gold pieces.

Inventory:

Hand weapons
 a - a +0 dagger (weapon)
Missiles
 b - 55 stones (quivered)
Armour
 c - a +0 robe (worn)
 p - a +0 robe
Magical devices
 d - a wand of heal wounds (4) {!d}
 q - a wand of magic darts (12) {unknown}
Comestibles
 f - 2 bread rations
 o - 3 rotting chunks of hobgoblin flesh {@w1}
Scrolls
 i - a scroll of amnesia {unknown}
 k - a scroll of enchant armour {unknown}
 l - a scroll of recharging {unknown}
 n - a scroll of remove curse {unknown}
Jewellery
 h - a cursed ring of teleportation {unknown}
 j - an uncursed amulet of resist corrosion {unknown}
Potions
 g - a potion of agility {unknown}
 m - a potion of lignification {unknown}
Books
 e - a book of Geomancy

   Spells                             Type                      Level
   *Sandblast                         Earth                        1
   Stoneskin                          Transmutation/Earth          2
   Passwall                           Transmutation/Earth          3
   Stone Arrow                        Conjuration/Earth            3
   Petrify                            Transmutation/Earth          4
   Lee's Rapid Deconstruction         Earth                        5


   Skills:
 - Level 2.1 Dodging
 - Level 2.4 Stealth
 - Level 1.7 Spellcasting
   Level 0.8 Transmutations
 + Level 5.4 Earth Magic


You had 3 spell levels left.
You knew the following spells:

 Your Spells              Type           Power        Failure   Level  Hunger
z - Sandblast             Erth           ###...       2%          1    ##.....


Dungeon Overview and Level Annotations

Branches:
Dungeon (2/15)

Altars:


Innate Abilities, Weirdness & Mutations

You are resistant to damage.
You can recharge devices by infusing magical energy.
You passively map a small area around you.
You do not heal naturally.


Message History

Ugh!
There is something really disgusting in your inventory. (slot o)
(D) Dungeon
Where to? (? - help)
Found a bread ration.
The worm is too close now for your liking.
(D) Dungeon
Where to? (Enter - D:1, ? - help)
There is a stone staircase leading up here.
You climb upwards.
There is a stone staircase leading down here.
(D) Dungeon
Where to? (Enter - D:1, ? - help)
Okay, then.
You are feeling hungry.
You can't go up here!
(D) Dungeon
Where to? (Enter - D:1 @ (x,y), ? - help)
There is a staircase leading out of the dungeon here.
Are you sure you want to leave the Dungeon?
This will make you lose the game!
You have escaped!

##.##..# ##.......##
##.###.# ##.###.#
##.....## ### #.# .......#
##...## ######.# ##.#####
##+## #......# #.# ####.#
#.###### ##.##### #....#
#.# .......# ##.#..# #.#
.#.###.# #....### #.#
.#.###.####....#@## #.#
.#...........#....######.#
.......####.##...........#
######## #.......########
#####.### #.# #.# #.#
########### #.# #########


There were no monsters in sight!

Vanquished Creatures
  An adder (D:2)
  2 giant geckos (D:1)
  A goblin (D:1)
  4 hobgoblins (D:1)
  2 jackals (D:1)
  2 bats (D:1)
  A giant newt (D:1)
  2 kobolds
  A rat (D:1)
16 creatures vanquished.

Notes
Turn   | Place    | Note
--------------------------------------------------------------
     0 | D:1      | CryptoCactus, the Deep Dwarf Earth Elementalist, began the quest for the Orb.
     0 | D:1      | Reached XP level 1. HP: 15/15 MP: 2/2
   273 | D:1      | Reached XP level 2. HP: 7/22 MP: 0/3
   657 | D:1      | Reached skill level 5 in Earth Magic
   921 | D:2      | Upgraded the game from 0.15-b1-41-gf426273 to 0.15.0-12-gccce430
   995 | D:$      | Got out of the dungeon alive.

Action                   || total
-------------------------++-------
Melee: Dagger            ||    41
 Cast: Sandblast         ||    14
Evoke: Wand              ||     1
 Stab: Sleeping          ||     1
